 Dungeon Crawl Stone Soup version 0.21.0-3-g78d12a8 (webtiles) character file.

1 Monsterracer the Skirmisher (level 1, 0/18 HPs)
             Began as a Formicid Abyssal Knight on Jan 14, 2018.
             Was a Follower of Lugonu.
             Slain by a hobgoblin
             ... wielding a +0 club
              (1 damage)
             ... on level 1 of the Dungeon.
             The game lasted 00:00:45 (117 turns).

Monsterracer the Skirmisher (FoAK)                   Turns: 117, Time: 00:00:46

Health: 0/18       AC:  3    Str: 16    XL:     1   Next: 22%
Magic:  2/2        EV: 11    Int: 11    God:    Lugonu [*.....]
Gold:   38         SH:  0    Dex: 10    Spells: 0/0 levels left

rFire    . . .     SeeInvis +   a - +1 mace
rCold    . . .     Gourm    .   (no shield)
rNeg     . . .     Faith    .   b - +0 leather armour
rPois    .         Spirit   .   (helmet unavailable)
rElec    .         Reflect  .   (no cloak)
rCorr    .         Harm     .   (no gloves)
MR       .....                  (no boots)
Stlth    +.........             (no amulet)
HPRegen  0.06/turn              (no ring)
MPRegen  0.08/turn              (no ring)

@: no status effects
A: permanent stasis, dig shafts and tunnels, four strong arms, antennae 3
a: Dig, Shaft Self, Depart the Abyss, Renounce Religion


You were on level 1 of the Dungeon.
You worshipped Lugonu.
Lugonu was aware of your devotion.
You were not hungry.

You visited 1 branch of the dungeon, and saw 1 of its levels.
You visited the Abyss 1 time.

You collected 38 gold pieces.

Inventory:

Hand Weapons
 a - a +1 mace (weapon)
Armour
 b - a +0 leather armour (worn)
Scrolls
 d - a scroll of magic mapping {unknown}
 e - a scroll of identify {unknown}
Comestibles
 c - a ration


   Skills:
 - Level 3.2 Fighting
 + Level 2.1 Maces & Flails
 - Level 2.1 Armour
 - Level 0.8 Dodging
 - Level 2.1 Invocations


You couldn't memorise any spells.
You didn't know any spells.

Dungeon Overview and Level Annotations

Branches:
Dungeon (1/15)

Altars:


Innate Abilities, Weirdness & Mutations

You cannot be hasted, slowed, berserked, paralysed or teleported.
You can dig through walls and to a lower floor.
Your four strong arms can wield two-handed weapons with a shield.
You have a pair of large antennae on your head. (SInv)


Message History

Welcome, Monsterracer the Formicid Abyssal Knight.
The bosom of this dungeon contains the fabled artefact, the Orb of Zot.
Lugonu says: Depart the Abyss and spread corruption, my servant! (use the ability menu to exit the Abyss) Press ? for a list of commands and other information.
Found a corrupted altar of Lugonu.
Unknown command.
Press < or > to pray at altars.
You don't know any spells.
You enter the shallow water.
Moving in this stuff is going to be slow.
Found a gateway leading out of the Abyss.
Found 14 gold pieces.
There is a gateway leading out of the Abyss here.
Found a scroll labeled XOYBOU JISIMMY.
Found a leather armour.
d - a scroll labeled XOYBOU JISIMMY You now have 14 gold pieces.
Found 24 gold pieces.
You now have 31 gold pieces (gained 17).
You now have 38 gold pieces (gained 7).
There is a gateway leading out of the Abyss here.
You pass through the gate.
Found a scroll labeled XOROSS AFULUL.
There is a staircase leading out of the dungeon here.
e - a scroll labeled XOROSS AFULUL You sense a monster nearby.
Found 12 gold pieces.
A hobgoblin and a kobold come into view.
The hobgoblin shouts!
The kobold shouts!
Found a glowing jade ring.
The kobold hits you with a club.
You take 4 damage, and have 14/18 hp.
MASSIVE DAMAGE!!
You closely miss the kobold. The kobold barely misses you.
The kobold closely misses you. The kobold hits you with a club.
You take 4 damage, and have 10/18 hp.
MASSIVE DAMAGE!!
You closely miss the kobold. The kobold hits you with a club.
* * * LOW HITPOINT WARNING * * *
You take 1 damage, and have 9/18 hp.
You barely miss the kobold. The kobold hits you with a club.
* * * LOW HITPOINT WARNING * * *
The kobold hits you but does no damage.
You take 1 damage, and have 8/18 hp.
You miss the kobold. The kobold closely misses you.
Unknown command.
You closely miss the kobold. The kobold completely misses you.
You barely miss the kobold. The kobold barely misses you.
Unknown command.
You closely miss the kobold. The kobold hits you but does no damage.
You barely miss the kobold. The kobold barely misses you.
The kobold closely misses you.
Unknown command.
You closely miss the kobold. The kobold closely misses you.
You barely miss the kobold. The kobold hits you but does no damage.
You hit the kobold.
You kill the kobold!
Lugonu accepts your kill. The hobgoblin hits you with a club.
* * * LOW HITPOINT WARNING * * *
You take 3 damage, and have 6/18 hp.
You barely miss the hobgoblin. The hobgoblin closely misses you.
You closely miss the hobgoblin. The hobgoblin hits you with a club.
* * * LOW HITPOINT WARNING * * *
You take 4 damage, and have 2/18 hp.
MASSIVE DAMAGE!!
You barely miss the hobgoblin. The hobgoblin hits you with a club.
* * * LOW HITPOINT WARNING * * *
You take 1 damage, and have 1/18 hp.
You hit the hobgoblin.
The hobgoblin is severely wounded.
The hobgoblin hits you with a club.
You die...

#######
#.....#
#.....###
#<......#
#.....#.#
#.....#@#
#######g#
#.......#
#.......#
#.......#
#.....$..
#.......#
#.......#
#...=...#


You could see a hobgoblin.

Vanquished Creatures
  A kobold (D:1)
1 creature vanquished.

Notes
Turn   | Place    | Note
-------+----------+-------------------------------------------
     0 | Abyss:1  | Monsterracer the Formicid Abyssal Knight began the quest for the Orb.
     0 | Abyss:1  | Reached XP level 1. HP: 18/18 MP: 2/2
    86 | D:1      | Escaped the Abyss
   104 | D:1      | HP: 9/18 [kobold/club (1)]
   113 | D:1      | HP: 6/18 [hobgoblin/club (3)]
   115 | D:1      | HP: 2/18 [hobgoblin/club (4)]
   117 | D:1      | Slain by a hobgoblin

Action                   || total
-------------------------++-------
Melee: Mace              ||    15
Armor: Leather armour    ||     3
Dodge: Dodged            ||     9

Vault maps used:
D:1:      minmay_arrival_checkered_box
